 Dungeon Crawl Stone Soup version 0.20-a0-1122-gb7cbeb9 (webtiles) character file.

2924 Naow the Cleaver (level 10, -15/70 HPs)
             Began as a Formicid Fighter on May 15, 2017.
             Was a Believer of Okawaru.
             Demolished by a two-headed ogre
             ... wielding a +0 giant spiked club
              (20 damage)
             ... on level 9 of the Dungeon.
             The game lasted 00:15:51 (7558 turns).

Naow the Cleaver (Formicid Fighter)                 Turns: 7558, Time: 00:15:52

Health: -15/70     AC:  9    Str: 24    XL:     10   Next: 6%
Magic:  10/12      EV: 13    Int:  8    God:    Okawaru [**....]
Gold:   364        SH: 13    Dex:  8    Spells: 9/9 levels left

rFire    . . .     SeeInvis +   a - +0 war axe
rCold    . . .     Gourm    .   c - +0 shield
rNeg     + . .     Faith    .   m - +0 ring mail
rPois    .         Spirit   .   (helmet unavailable)
rElec    .         Reflect  .   v - +0 cloak
rCorr    .         Harm     .   n - +0 pair of gloves
MR       +....                  (no boots)
Stlth    ++........             (no amulet)
Regen    0.3/turn               A - ring of positive energy
MPRegen  0.2/turn               C - -2 ring of dexterity

@: heroism
A: permanent stasis, dig shafts and tunnels, four strong arms, antennae 3
a: Dig, Shaft Self, Heroism, Renounce Religion


You were on level 9 of the Dungeon.
You worshipped Okawaru.
Okawaru was pleased with you.
You were not hungry.

You visited 1 branch of the dungeon, and saw 8 of its levels.

You collected 364 gold pieces.

Inventory:

Hand Weapons
 a - a +0 war axe (weapon)
 p - a cursed +0 battleaxe
Armour
 b - a +0 scale mail
 c - a +0 shield (worn)
 d - the +1 hat of Dice, Bag, and Bottle {Dex+3 Stlth+}
   (You found it on level 5 of the Dungeon)

   It affects your dexterity (+3).
   It makes you more stealthy.
 m - a +0 ring mail (worn)
 n - a +0 pair of gloves (worn)
 v - a +0 cloak (worn)
Jewellery
 i - an uncursed ring of protection from magic
 A - a ring of positive energy (left hand)
 C - a -2 ring of dexterity (right hand)
 J - an uncursed ring of fire {unknown}
Wands
 w - a wand of flame (24/48)
 E - a wand of iceblast (9/15)
Scrolls
 e - 5 scrolls of teleportation
 h - a scroll of immolation
 j - 8 scrolls of identify
 l - 5 scrolls of remove curse
 r - a scroll of magic mapping
 t - a scroll of recharging {unknown}
 y - a scroll of enchant weapon {unknown}
Potions
 g - a potion of brilliance {unknown}
 o - a potion of lignification {unknown}
 q - a potion of berserk rage {unknown}
 u - 2 potions of flight {unknown}
 x - a potion of haste {unknown}
 z - a potion of heal wounds {unknown}
 B - 3 potions of curing {unknown}
 F - a potion of magic {unknown}
 G - a potion of cancellation {unknown}
Books
 D - a book of Maledictions

   Spells                             Type                      Level
   a - Corona                         Hexes                        1
   b - Ensorcelled Hibernation        Hexes/Ice                    2
   c - Confuse                        Hexes                        3
   d - Tukima's Dance                 Hexes                        3
   e - Dazzling Spray                 Conjuration/Hexes            3
 H - a book of Battle

   Spells                             Type                      Level
   a - Infusion                       Charms                       1
   b - Shroud of Golubria             Charms/Translocation         2
   c - Song of Slaying                Charms                       2
   d - Spectral Weapon                Hexes/Charms                 3
   e - Regeneration                   Charms/Necromancy            3
 I - a book of Minor Magic

   Spells                             Type                      Level
   a - Magic Dart                     Conjuration                  1
   b - Blink                          Translocation                2
   c - Call Imp                       Summoning                    2
   d - Slow                           Hexes                        2
   e - Conjure Flame                  Conjuration/Fire             3
   f - Mephitic Cloud                 Conjuration/Poison/Air       3
Comestibles
 f - 8 bread rations
 k - 2 royal jellies
 s - a meat ration
 K - 2 chunks of flesh


   Skills:
 - Level 3.2(8.2) Fighting
 * Level 10.9(15.9) Axes
 - Level 3.2(8.2) Armour
 - Level 9.0(14.0) Shields
 + Level 3.6 Invocations


You had 9 spell levels left.
You didn't know any spells.

Dungeon Overview and Level Annotations

Branches:
Dungeon (7/15)             Temple (0/1) D:6

Altars:
Cheibriados
Dithmenos
Elyvilon
Gozag
Kikubaaqudgha
Okawaru
Sif Muna
Uskayaw
Wu Jian
Zin
The Shining One


Innate Abilities, Weirdness & Mutations

You cannot be hasted, slowed, berserked, paralysed or teleported.
You can dig through walls and to a lower floor.
Your four strong arms can wield two-handed weapons with a shield.
You have a pair of large antennae on your head. (SInv)


Message History

The crimson imp throws a stone.
The stone closely misses you.
You barely miss the two-headed ogre.
The two-headed ogre is almost dead.
The crimson imp throws a stone.
The stone hits you but does no damage.
The two-headed ogre hits you with a giant spiked club!!
You block the two-headed ogre's attack.
You are too injured to fight recklessly!
You are too injured to fight recklessly!
You are too injured to fight recklessly!
You are too injured to fight recklessly!
You are too injured to fight recklessly!
You gain the combat prowess of a mighty hero.
The crimson imp throws a stone.
You block the stone.
The two-headed ogre hits you with a giant spiked club!!
* * * LOW HITPOINT WARNING * * *
You block the two-headed ogre's attack.
You barely miss the two-headed ogre.
The two-headed ogre is severely wounded.
The two-headed ogre hits you with a giant spiked club!!
You die...

...........##....#
#####
#.#####'#####....##...
######.....##.........
....#........<........
....#................
....+................
#...#......##....###
...##.....##...O##.##..
.. #.....'(..(@.5.....
#.....##..†.......§
########..........§
#..........§
#..........≈
#......###.≈ #......# ≈
#.......


You could see a two-headed ogre and a crimson imp.

Vanquished Creatures
  Sigmund (D:6)
  An orc warrior (D:6)
  2 phantoms
  2 sky beasts (D:9)
  2 ice beasts
  2 ogres
  4 centaurs
  A big kobold (D:9)
  3 bullfrogs (D:7)
  2 vampire bats (D:4)
  8 wights
  A crimson imp (D:5)
  7 hounds
  8 orc wizards
  3 orc priests
  An iguana (D:4)
  7 worker ants
  A hound skeleton (D:4)
  9 adders
  A howler monkey skeleton (D:6)
  An ooze (D:1)
  An adder skeleton (D:4)
  A worm (D:6)
  3 dart slugs
  5 leopard geckos
  16 orcs
  9 bats
  3 bat skeletons (D:4)
  3 bat zombies (D:4)
  8 giant cockroaches
  2 goblins
  11 hobgoblins
  5 jackals
  5 quokkas
  2 ball pythons
  5 frilled lizards
  10 kobolds
  A quokka skeleton (D:4)
  8 rats
165 creatures vanquished.

Vanquished Creatures (others)
  A frilled lizard (D:1)
  A kobold (D:1)
2 creatures vanquished.

Grand Total: 167 creatures vanquished

Notes
Turn   | Place    | Note
-------+----------+-------------------------------------------
     0 | D:1      | Naow the Formicid Fighter began the quest for the Orb.
     0 | D:1      | Reached XP level 1. HP: 18/18 MP: 1/1
   304 | D:1      | Reached XP level 2. HP: 18/24 MP: 2/2
   612 | D:1      | Reached skill level 3 in Axes
   612 | D:1      | Reached XP level 3. HP: 27/29 MP: 3/3
  1112 | D:2      | Found an ornate altar of the Wu Jian Council.
  1113 | D:2      | Found a glowing golden altar of the Shining One.
  1135 | D:2      | Found an opulent altar of Gozag.
  1216 | D:2      | Reached XP level 4. HP: 28/35 MP: 4/4
  1475 | D:2      | Found a white marble altar of Elyvilon.
  2024 | D:3      | Reached skill level 4 in Axes
  2024 | D:3      | Reached skill level 5 in Shields
  2024 | D:3      | Reached XP level 5. HP: 38/41 MP: 5/5
  2179 | D:3      | Noticed an ogre
  2187 | D:3      | Killed an ogre
  2187 | D:3      | Reached XP level 6. HP: 47/47 MP: 6/6
  2649 | D:4      | Reached skill level 5 in Axes
  2776 | D:4      | Found an ancient bone altar of Kikubaaqudgha.
  2800 | D:4      | Reached XP level 7. HP: 48/52 MP: 7/7
  2921 | D:4      | Reached skill level 6 in Axes
  3732 | D:5      | Entered Level 5 of the Dungeon
  3954 | D:5      | Reached XP level 8. HP: 56/58 MP: 8/8
  3996 | D:5      | Reached skill level 7 in Axes
  4262 | D:5      | Got a shimmering hat
  4561 | D:5      | Found a deep blue altar of Sif Muna.
  4563 | D:5      | Found a glowing silver altar of Zin.
  4713 | D:5      | Reached skill level 8 in Axes
  4757 | D:5      | Found an iron altar of Okawaru.
  4757 | D:5      | Found a snail-covered altar of Cheibriados.
  4758 | D:5      | Found a hide-covered altar of Uskayaw.
  4900 | D:5      | Became a worshipper of Warmaster Okawaru
  4935 | D:6      | Found a staircase to the Ecumenical Temple.
  5123 | D:6      | Noticed Sigmund
  5375 | D:6      | Killed Sigmund
  5375 | D:6      | Reached XP level 9. HP: 39/64 MP: 9/9
  5647 | D:6      | Found a white marble altar of Elyvilon.
  5786 | D:6      | Reached skill level 9 in Axes
  6508 | D:7      | Reached * piety under Okawaru
  6647 | D:7      | Found a shadowy altar of Dithmenos.
  6720 | D:7      | Found a white marble altar of Elyvilon.
  6796 | D:6      | Reached skill level 10 in Axes
  6856 | D:6      | Identified the +1 hat of Dice, Bag, and Bottle {Dex+3 Stlth+} (You found it on level 5 of the Dungeon)
  6885 | D:7      | Reached skill level 1 in Invocations
  6970 | D:7      | You fall through a shaft for 2 floors!
  7220 | D:9      | Reached ** piety under Okawaru
  7381 | D:9      | Reached XP level 10. HP: 64/70 MP: 9/12
  7543 | D:9      | Noticed a two-headed ogre
  7558 | D:9      | Demolished by a two-headed ogre

Vault maps used:
D:1:      dpeg_arrival_windows_large_door, lemuel_old_faithful
D:2:      elyvilon_altar_3, overflow_temple_1_default,
          grunt_temple_overflow_open
D:3:      kennysheep_six_static_rooms
D:4:      kennysheep_vampire_church, first_bread, kennysheep_generic_room_9
D:5:      nicolae_overflow_hidden_temple
D:6:      minmay_flawed_box, temple_green, basic_altar, uniq_sigmund
D:7:      grunt_dithmenos_smoke_and_mirrors, basic_altar,
          minmay_misc_feat_plants
D:9:      serial_shops, kennysheep_mini_moat

Skill      XL: |  1  2  3  4  5  6  7  8  9 |
---------------+----------------------------+-----
Axes           | 3 4 5 6 8 10 | 10.9
Shields        | 4 5 6 8 9 |  9.0
Invocations    | 3 |  3.6
Fighting       | |  3.2
Armour         | |  3.2

Action                   |  1- 3 |  4- 6 |  7- 9 | 10-12 || total
-------------------------+-------+-------+-------+-------++-------
Melee: War axe           |    83 |   148 |   371 |    24 ||   626
Invok: Heroism           |       |       |     1 |     1 ||     2
  Use: Potion            |       |       |     1 |       ||     1
       Scroll            |       |       |     6 |       ||     6
  Eat: Chunk             |     1 |     5 |    15 |     1 ||    22
Armor: Scale mail        |    28 |    58 |    92 |       ||   178
       Ring mail         |       |       |    21 |     8 ||    29
Dodge: Dodged            |    29 |    65 |   114 |     7 ||   215
Block: Shield            |    58 |    96 |   198 |    23 ||   375
